Map: [TLMC15] Glittering Ashes

Players

ShoWTimE

  • Race: Protoss Protoss

Maru - Winner!

  • Race: Terran Terran

VOD

Have the link to the VOD?

Description

Time

  • Played on: Nov. 12, 2021, 12:18 p.m.
  • Length: 19:25
Show
View Real Time Build Order
Export as new Build Order

ShoWTimE Protoss 

Build Orders: 1 Gate Expand, Colossus Rush 

Get SALT Encoding   

  12  0:00  Probe  
  13  0:12  Probe  
  14  0:17  Pylon  
  14  0:24  Probe  
  15  0:35  Gateway  
  15  0:37  Probe (Chrono Boost)  
  16  0:46  Assimilator, Probe (Chrono Boost)  
  17  0:51  Probe (Chrono Boost)  
  18  1:03  Probe  
  19  1:15  Probe  
  20  1:22  Cybernetics Core  
  20  1:32  Nexus  
  20  1:38  Pylon  
  20  1:42  Probe  
  21  1:49  Assimilator  
  21  1:54  Probe  
  22  1:56  Stalker (Chrono Boost)  
  24  2:06  Pylon  
  24  2:08  Probe  
  24  2:11  Warp Gate  
  24  2:17  Stalker (Chrono Boost)  
  26  2:23  Probe  
  27  2:35  Probe (Chrono Boost)  
  28  2:43  Robotics Facility  
  28  2:44  Probe (Chrono Boost)  
  30  2:53  Probe (Chrono Boost)  
  30  2:55  Stalker, Probe (Chrono Boost)  
  33  3:00  Probe x2 (Chrono Boost)  
  35  3:10  Gateway  
  35  3:12  Probe (Chrono Boost)  
  37  3:20  Probe (Chrono Boost)  
  37  3:23  Probe (Chrono Boost)  
  39  3:27  Probe (Chrono Boost)  
  39  3:28  Probe (Chrono Boost)  
  39  3:31  Observer  
  41  3:38  Probe (Chrono Boost)  
  41  3:39  Probe (Chrono Boost)  
  43  3:46  Assimilator  
  43  3:50  Pylon, Probe (Chrono Boost)  
  43  3:51  Assimilator  
  43  3:53  Observer  
  46  3:56  Robotics Bay, Probe (Chrono Boost)  
  46  3:58  Probe (Chrono Boost)  
  46  3:59  Stalker  
  49  4:03  Probe  
  49  4:04  Stalker, Probe  
  53  4:15  Probe  
  53  4:16  Probe  
  55  4:24  Pylon  
  55  4:26  Observer  
  55  4:27  Probe  
  55  4:28  Probe  
  56  4:39  Probe  
  56  4:42  Nexus  
  57  4:50  Colossus (Chrono Boost)  
  57  4:57  Pylon  
  57  4:59  Probe  
  64  5:00  Probe  
  65  5:10  Forge  
  65  5:13  Twilight Council  
  65  5:15  Probe  
  65  5:16  Probe  
  66  5:24  Sentry  
  66  5:25  Sentry  
  66  5:28  Shield Battery, Probe x2  
  72  5:35  Colossus (Chrono Boost)  
  72  5:40  Extended Thermal Lance (Chrono Boost)  
  72  5:42  Shield Battery  
  78  5:49  Gateway  
  78  5:50  Charge (Chrono Boost)  
  79  6:00  Zealot x2  
  81  6:04  Protoss Ground Weapons Level 1 (Chrono Boost)  
  81  6:13  Pylon  
  81  6:31  Nexus  
  80  6:34  Pylon x2  
  80  6:37  Pylon  
  80  6:52  Pylon  
  80  6:54  Gateway  
  80  6:56  Zealot x2, Gateway  
  84  7:05  Colossus (Chrono Boost)  
  86  7:17  Zealot x3  
  86  7:20  Probe x2  
  94  7:26  Pylon  
  94  7:32  Probe x2  
  92  7:40  Zealot x2  
  88  7:52  Zealot x2  
  88  7:53  Probe  
  88  7:54  Probe x2  
  83  8:06  Protoss Ground Armor Level 1 (Chrono Boost), Probe x3  
  82  8:17  Sentry x4  
  82  8:18  Probe x3  
  93  8:25  Templar Archives  
  93  8:30  Probe x3  
  96  8:40  Zealot x3  
  102  8:42  Probe (Chrono Boost)  
  102  8:44  Probe x2 (Chrono Boost)  
  100  8:49  Blink  
  100  8:54  Probe (Chrono Boost)  
  103  8:59  Probe x2 (Chrono Boost)  
  103  9:00  Probe (Chrono Boost)  
  104  9:06  Probe x2  
  104  9:07  Shield Battery  
  104  9:08  Probe  
  104  9:09  High Templar x2  
  111  9:15  Archon  
  111  9:17  Stalker  
  111  9:18  Stalker, Probe  
  110  9:31  Probe  
  110  9:32  Gateway  
  110  9:33  Pylon, Gateway  
  111  9:41  Zealot x3  
  117  9:49  Pylon  
  117  9:50  Pylon  
  117  9:51  Probe x2  
  119  9:54  Protoss Ground Weapons Level 2 (Chrono Boost), Gateway  
  119  9:56  Gateway  
  119  10:01  Probe  
  119  10:03  Probe x2  
  119  10:06  Pylon  
  122  10:08  High Templar x2  
  122  10:12  Assimilator, Archon  
  126  10:16  Warp Prism (Chrono Boost), Assimilator  
  126  10:20  Probe  
  129  10:21  Probe  
  129  10:23  Stalker  
  132  10:33  Robotics Facility  
  132  10:35  Pylon  
  132  10:36  Stalker x2  
  135  10:45  Assimilator, Probe  
  136  10:51  Stalker x3  
  136  10:52  Disruptor (Chrono Boost)  
  136  10:54  Pylon  
  145  11:00  Photon Cannon  
  145  11:09  Stalker x3  
  151  11:24  Nexus  
  151  11:27  Disruptor (Chrono Boost), Photon Cannon  
  153  11:42  Stalker  
  155  11:49  Shield Battery, Probe x3  
  158  11:59  Disruptor (Chrono Boost)  
  158  12:01  Dark Shrine, Probe x3  
  158  12:06  Pylon  
  158  12:07  Protoss Ground Weapons Level 3 (Chrono Boost)  
  165  12:08  Observer (Chrono Boost)  
  165  12:10  Pylon  
  165  12:15  Forge  
  165  12:19  Photon Cannon  
  165  12:22  Pylon  
  165  12:24  Probe x2  
  165  12:32  Zealot x5  
  165  12:35  Disruptor  
  167  12:43  Disruptor  
  147  12:54  Probe  
  148  13:11  Disruptor  
  148  13:12  Nexus  
  149  13:13  Pylon, Zealot, Shadow Stride (Chrono Boost)  
  145  13:22  Stalker x4  
  145  13:23  Stalker x3  
  145  13:25  Probe x3  
  145  13:26  Probe  
  160  13:32  Assimilator  
  160  13:34  Assimilator  
  160  13:35  Disruptor  
  160  13:36  Pylon  
  160  13:38  Probe  
  162  13:45  Protoss Ground Armor Level 2 (Chrono Boost)  
  162  13:46  Disruptor  
  165  13:50  Zealot x7  
  174  14:11  Disruptor  
  174  14:16  Dark Templar  
  179  14:17  Zealot x4  
  179  14:20  Zealot x3  
  183  14:26  Disruptor  
  178  14:48  Nexus  
  178  14:50  Pylon  
  176  14:52  Dark Templar x4  
  176  14:53  Dark Templar x4  
  176  14:55  Disruptor  
  186  15:09  Disruptor  
  158  15:25  Zealot x8  
  160  15:31  Disruptor (Chrono Boost)  
  151  15:40  Probe x2  
  151  15:42  Disruptor (Chrono Boost)  
  151  15:52  Nexus  
  151  15:54  Pylon  
  151  15:57  Pylon  
  151  15:59  Disruptor (Chrono Boost), Dark Templar x6  
  151  16:00  Dark Templar  
  168  16:06  Dark Templar  
  170  16:13  Photon Cannon  
  170  16:16  Photon Cannon  
  170  16:17  Photon Cannon  
  170  16:21  Disruptor  
  160  16:33  Stalker  
  160  16:34  Stalker x3  
  166  16:47  Disruptor  
  166  16:54  Nexus  
  165  16:57  Disruptor  
  161  17:04  Stalker x3  
  157  17:11  Nexus  
  157  17:12  Zealot x3  
  163  17:19  Pylon x2  
  163  17:28  Observer  
  164  17:34  Observer  
  164  17:40  Stalker x7  
  163  17:48  Zealot  
  163  17:49  Disruptor (Chrono Boost)  
  165  18:02  Disruptor (Chrono Boost)  
  163  18:11  Nexus  
  159  18:13  Pylon  
  159  18:18  Pylon  
  159  18:21  Disruptor (Chrono Boost)  
  159  18:25  Zealot x2  
  159  18:26  Zealot  
  152  18:31  Disruptor  
  152  18:47  Zealot x5  
  152  18:52  Zealot x3  
Show
View Real Time Build Order
Export as new Build Order

Maru Terran - Winner!

Build Orders:  

Get SALT Encoding   

  12  0:00  SCV  
  13  0:12  SCV  
  14  0:17  Supply Depot  
  14  0:24  SCV  
  15  0:38  SCV  
  15  0:40  Barracks  
  16  0:44  Refinery  
  16  0:50  SCV  
  16  0:54  Refinery  
  17  1:02  SCV  
  18  1:15  SCV  
  19  1:27  Orbital Command, Reaper  
  20  1:38  Supply Depot  
  20  1:41  Factory  
  20  1:53  SCV  
  21  2:00  Bunker  
  21  2:05  SCV  
  22  2:18  SCV  
  23  2:23  Supply Depot  
  23  2:24  Barracks Reactor  
  22  2:30  SCV, Widow Mine, Starport  
  25  2:42  SCV  
  26  2:53  Widow Mine  
  26  2:54  Command Center  
  26  2:57  SCV  
  29  3:00  Marine  
  29  3:01  Marine  
  31  3:07  Medivac  
  31  3:10  SCV  
  34  3:16  Widow Mine  
  36  3:21  Marine x2  
  36  3:26  Supply Depot  
  38  3:27  SCV  
  39  3:39  Factory Tech Lab, Starport Tech Lab  
  39  3:41  SCV  
  39  3:48  Marine x2  
  41  3:55  Refinery  
  41  3:57  Raven  
  41  3:58  SCV  
  44  4:05  Marine x2  
  49  4:10  Siege Tank  
  49  4:11  SCV  
  50  4:23  SCV  
  50  4:24  Marine x2  
  49  4:31  Orbital Command  
  51  4:35  SCV  
  50  4:42  Marine x2, Siege Tank  
  55  4:47  Supply Depot  
  55  4:48  SCV  
  59  4:56  Liberator  
  59  4:58  SCV  
  60  5:00  SCV  
  60  5:03  Marine, Barracks  
  62  5:08  Marine  
  62  5:12  SCV  
  64  5:14  Supply Depot  
  64  5:19  Siege Tank  
  67  5:25  Marine, Engineering Bay  
  68  5:29  SCV  
  68  5:33  SCV  
  70  5:38  Barracks  
  70  5:41  SCV  
  71  5:45  SCV  
  71  5:47  Starport Reactor  
  72  5:51  Siege Tank  
  72  5:54  SCV, Terran Infantry Weapons Level 1  
  76  5:59  SCV  
  75  6:06  SCV, Supply Depot  
  75  6:07  Stimpack  
  75  6:08  Marine x2  
  75  6:09  Supply Depot  
  78  6:20  SCV x2  
  78  6:28  Supply Depot, Marauder  
  78  6:29  Barracks Tech Lab, Marine x2  
  78  6:30  Siege Tank  
  85  6:35  SCV, Refinery  
  85  6:36  Supply Depot  
  85  6:39  SCV  
  87  6:45  Medivac x2  
  91  6:49  Marauder, Marine x2  
  91  6:50  Marine  
  96  6:56  SCV  
  96  6:58  Supply Depot, Combat Shield  
  97  7:07  Marine  
  95  7:11  SCV  
  95  7:14  Marine  
  95  7:15  Marauder x2  
  101  7:16  SCV  
  101  7:18  Siege Tank  
  101  7:21  Viking  
  107  7:25  Bunker, Marine  
  107  7:29  Viking  
  109  7:39  Marine  
  109  7:40  Marauder x2  
  109  7:43  Marine  
  115  7:48  Supply Depot  
  115  7:50  Terran Infantry Armor Level 1  
  115  7:54  Siege Tank  
  118  8:04  SCV  
  96  8:07  Marauder, Marine x2  
  96  8:08  Marauder  
  101  8:18  Command Center  
  101  8:19  Medivac x2  
  105  8:33  Barracks  
  105  8:34  SCV x2, Barracks  
  105  8:36  Marine  
  105  8:37  Marauder x2  
  104  8:43  Factory Reactor  
  104  8:46  SCV  
  103  8:49  Marine  
  103  8:53  Medivac x2  
  103  8:54  Marine  
  109  8:58  Marauder x2  
  109  9:00  Concussive Shells  
  109  9:02  SCV x2  
  115  9:04  Armory  
  115  9:05  Engineering Bay  
  115  9:13  Marine x2  
  115  9:16  SCV  
  118  9:19  Marauder x2  
  120  9:27  SCV, Barracks Reactor  
  120  9:28  SCV  
  119  9:36  Marine  
  119  9:37  Supply Depot  
  122  9:39  SCV, Widow Mine x2  
  122  9:40  Ghost Academy  
  122  9:41  SCV, Marauder x2  
  129  9:48  Viking  
  129  9:56  Terran Infantry Weapons Level 2  
  129  10:00  Orbital Command  
  129  10:03  SCV x2  
  129  10:05  Missile Turret  
  131  10:11  Terran Infantry Armor Level 2  
  131  10:15  SCV x2, Supply Depot  
  133  10:22  Ghost  
  133  10:27  SCV x2  
  133  10:28  Ghost  
  135  10:30  Marine x2  
  135  10:31  SCV  
  135  10:34  Command Center  
  138  10:39  SCV x2, Supply Depot  
  140  10:43  SCV, Refinery x2  
  140  10:44  Widow Mine  
  140  10:45  Widow Mine, Medivac  
  147  10:51  SCV  
  147  10:53  Supply Depot  
  147  10:54  SCV  
  147  10:55  SCV  
  150  11:02  Enhanced Shockwaves  
  150  11:05  Marauder, Marine x5  
  150  11:06  Widow Mine x2  
  150  11:11  Missile Turret  
  161  11:12  Missile Turret  
  161  11:14  Missile Turret  
  161  11:20  Viking x2  
  165  11:26  Ghost  
  165  11:27  Widow Mine x2  
  166  11:33  Marauder, Marine  
  167  11:43  Marauder, Marine x3  
  167  11:45  Barracks  
  167  11:46  Barracks  
  172  11:49  Barracks  
  172  11:54  Medivac x2  
  172  11:55  Terran Ship Weapons Level 1, Marauder  
  172  11:56  Marauder  
  178  12:06  Marine  
  178  12:07  Marauder, Marine  
  182  12:12  Marine  
  182  12:14  Widow Mine  
  182  12:15  Widow Mine  
  187  12:20  Sensor Tower  
  187  12:33  Ghost  
  188  12:37  Marauder x2  
  188  12:41  Barracks Tech Lab x2  
  188  12:42  Barracks Reactor  
  175  12:45  Widow Mine x2  
  175  12:49  Viking  
  172  12:53  Marine x2  
  172  12:56  Refinery  
  172  12:57  Refinery  
  172  12:58  Ghost x2  
  173  13:01  Planetary Fortress  
  173  13:02  Ghost  
  179  13:06  Command Center  
  179  13:08  Marine  
  179  13:09  Marauder, Marine  
  177  13:17  Supply Depot  
  172  13:24  Marine x2  
  172  13:25  Marauder  
  176  13:27  Marauder x2  
  176  13:30  Marauder, Ghost  
  176  13:31  Missile Turret  
  184  13:45  Ghost  
  184  13:48  Terran Infantry Weapons Level 3, Marauder x2, Terran Infantry Armor Level 3  
  183  13:57  Marauder, Marine x2  
  183  13:59  Widow Mine x2  
  183  14:00  Marauder  
  183  14:02  Personal Cloaking  
  191  14:06  Marine x3  
  191  14:09  Ghost  
  196  14:12  Marauder  
  196  14:14  Marauder  
  196  14:22  Command Center  
  194  14:27  Command Center  
  191  14:31  Marine  
  191  14:32  Marauder  
  194  14:41  Ghost  
  196  14:49  Marine  
  196  14:50  Marauder x2, Marine  
  196  15:02  Ghost x2  
  199  15:12  Ghost  
  177  15:16  Marine  
  177  15:17  Marauder  
  149  15:21  Marine  
  149  15:22  Marauder  
  149  15:24  Marine x2  
  149  15:26  Marine x2  
  134  15:29  SCV  
  134  15:30  SCV x3  
  134  15:31  Marauder x2  
  134  15:34  Marine  
  143  15:38  Marauder  
  143  15:41  SCV, Marauder  
  143  15:42  SCV x3  
  151  15:43  Marauder  
  151  15:44  Planetary Fortress  
  151  15:49  Widow Mine  
  155  15:52  Ghost  
  155  15:54  Medivac  
  159  15:59  Orbital Command  
  159  16:03  Missile Turret  
  159  16:07  Marauder, Marine x3  
  164  16:12  Widow Mine x2  
  164  16:17  Terran Ship Weapons Level 2  
  156  16:26  Marine  
  156  16:27  Marauder x2, Marine  
  162  16:34  Widow Mine x2  
  162  16:35  Orbital Command, Sensor Tower  
  166  16:40  Ghost  
  166  16:41  Marauder, Ghost, Marine  
  159  17:05  Marine  
  159  17:06  Marauder  
  159  17:07  Liberator x2  
  168  17:09  SCV x4  
  168  17:12  Missile Turret  
  172  17:18  Marauder  
  172  17:19  SCV  
  175  17:27  Ghost  
  175  17:28  Ghost  
  179  17:30  Ghost  
  179  17:31  SCV x2  
  179  17:32  SCV  
  165  17:48  Marine x2  
  165  17:49  Marauder x2  
  161  17:58  Marine x2  
  161  17:59  Marauder x2  
  161  18:00  Ghost  
  161  18:04  SCV, Missile Turret  
  161  18:05  SCV x3  
  172  18:09  Marine x2  
  172  18:10  Marauder  
  176  18:17  SCV  
  176  18:18  Widow Mine x2  
  180  18:28  Marauder x2, Marine x2  
  186  18:36  Marine  
  186  18:37  Marauder  
  174  18:48  Marine  
  174  18:49  Marauder  
  160  19:15  Command Center  
  160  19:16  Command Center  
Tags
 
Add a new tag
Caveats
  • Supply blocks, unpowered buildings, or Contaminate may cause inaccurate times.
  • Supply counts are checked every 10 seconds.